 Dungeon Crawl Stone Soup version 0.29-a0-1027-gcd8c55af63 (webtiles) character file.

Game seed: 7556439818044018060

25 Zeldest the Caller (level 3, -1/31 HPs)
             Began as a Naga Summoner on Aug 14, 2022.
             Slain by a gnoll
             ... wielding a +0 flail
              (10 damage)
             ... on level 2 of the Dungeon.
             The game lasted 00:02:23 (258 turns).

Zeldest the Caller (Naga Summoner)                   Turns: 258, Time: 00:02:24

Health: -1/31      AC:  2    Str: 10    XL:     3   Next: 6%
Magic:  0/6        EV:  9    Int: 17    God:
Gold:   53         SH:  0    Dex: 11    Spells: 3/6 levels left

rFire   . . .      SeeInvis +   d - +0 sling
rCold   . . .      Faith    .   (no shield)
rNeg    . . .      Spirit   .   a - +0 robe
rPois   +          Reflect  .   (no helmet)
rElec   .          Harm     .   (no cloak)
rCorr   .          Rampage  .   (no gloves)
Will    .....                   (no barding)
Stlth   ++........              (no amulet)
HPRegen 0.10/turn               (no ring)
MPRegen 0.10/turn               (no ring)

@: very slow
A: AC +1, large, see invisible, deformed body, poison resistance, slowness 2,
spit poison 1, naga tail 1
a: Spit Poison


You were on level 2 of the Dungeon.
You visited 1 branch of the dungeon, and saw 2 of its levels.

You collected 53 gold pieces.

Inventory:

Hand Weapons
 d - a +0 sling (weapon)
 e - a +0 dagger
Armour
 a - a +0 robe (worn)
Jewellery
 c - a ring of resist corrosion
Scrolls
 f - 2 scrolls of identify {unknown}
 g - a scroll of immolation {unknown}
Potions
 b - 2 potions of magic
 h - a potion of brilliance {unknown}


   Skills:
 + Level 1.1 Fighting
 - Level 1.5 Dodging
 - Level 3.0 Stealth
 + Level 2.3 Spellcasting
 * Level 4.4 Summonings


You had 3 spell levels left.
You knew the following spells:

 Your Spells              Type           Power      Damage    Failure   Level
a - Call Imp              Summ           17%        N/A       4%          2
b - Summon Small Mammal   Summ           68%        N/A       3%          1

Your spell library contained the following spells:

 Spells                   Type           Power      Damage    Failure   Level
 Call Canine Familiar     Summ           17%        N/A       9%          3
 Summon Guardian Golem    Hex/Summ       9%         N/A       22%         3
 Dazzling Flash           Conj/Hex       2%         N/A       50%         3
 Summon Lightning Spire   Summ/Air       9%         N/A       58%         4
 Iskenderun's Mystic Bla  Conj/Tloc      1%         2d3       88%         4
 Starburst                Conj/Fire      0%         6d3       100%        6


Dungeon Overview and Level Annotations

Branches:
Dungeon (2/15)

Altars:

Shops:
D:1 :


Innate Abilities, Weirdness & Mutations

Your serpentine skin is tough. (AC +1)
You have supernaturally acute eyesight. (SInv)
Armour fits poorly on your strangely shaped body.
Your system is resistant to poisons. (rPois)
You cover ground very slowly.
You can spit poison.
You have a snake-like lower body.


Message History

A gnoll comes into view. It is wielding a +0 flail.
Aiming: Spit Poison (2% risk of failure)
Press: ? - help, Shift-Dir - straight line, f - gnoll
Aim: a gnoll, wielding a +0 flail (65% to hit)
The splash of poison hits the gnoll!
The gnoll is severely wounded.
Casting: Summon Small Mammal (safe; 3% risk of failure)
Confirm with . or Enter, or press ? or * to list all spells.
A beastly little devil appears in a puff of frigid air.
The gnoll closely misses you.
A gnoll comes into view. It is wielding a +0 spear.
Casting: Call Imp (safe; 5% risk of failure)
Confirm with . or Enter, or press ? or * to list all spells.
The gnoll closely misses you.
Casting: Summon Small Mammal (safe; 3% risk of failure)
Confirm with . or Enter, or press ? or * to list all spells.
The gnoll hits your white imp with a +0 flail.
The gnoll hits you with a +0 flail!
* * * LOW HITPOINT WARNING * * *
Your quokka misses the gnoll.
Your white imp hits the gnoll.
Your white imp freezes the gnoll.
The gnoll dies!
Your Fighting skill increases to level 1!
You have reached level 3!
Your experience leads to an increase in your attributes!
Increase (S)trength, (I)ntelligence, or (D)exterity?
You feel clever. x2; Your skin feels tougher.
Your quokka completely misses the gnoll.
Your white imp hits the gnoll.
Your white imp freezes the gnoll.
The gnoll hits your quokka with a +0 spear.
You aren't carrying any items that you can evoke.
Okay, then.
Okay, then.
Casting: Summon Small Mammal (safe; 3% risk of failure)
Confirm with . or Enter, or press ? or * to list all spells.
You have got your breath back.
Your quokka closely misses the gnoll.
Your white imp hits the gnoll.
Your white imp freezes the gnoll.
Your quokka barely misses the gnoll.
The gnoll hits you with a +0 flail!
You die...

##.))........#
#.#.........#
#####+#....###+##
#..........#
#..........#
#..........#
#.....r.##r#
#####+#.##5###.#
#.@g)g...#
####r##### .# ##


You could see 2 gnolls, a friendly white imp (summoned) and 2 friendly quokkas.

Vanquished Creatures
  A ball python (D:1)
  2 goblins (D:1)
  3 kobolds
6 creatures vanquished.

Vanquished Creatures (collateral kills)
  A gnoll (D:2)
  A ball python (D:1)
  2 endoplasms (D:1)
  3 goblins (D:1)
  A bat (D:1)
  A kobold (D:1)
  A rat (D:1)
10 creatures vanquished.

Vanquished Creatures (others)
  A plant (D:1)
1 creature vanquished.

Grand Total: 17 creatures vanquished

Notes
Turn   | Place    | Note
-------+----------+-------------------------------------------
     0 | D:1      | Zeldest the Naga Summoner began the quest for the Orb.
     0 | D:1      | Reached XP level 1. HP: 15/15 MP: 3/3
    15 | D:1      | Found Hogayp's Book Shop.
   103 | D:1      | Reached XP level 2. HP: 24/24 MP: 3/5
   130 | D:1      | Learned a level 2 spell: Call Imp
   257 | D:2      | Reached skill level 1 in Fighting
   257 | D:2      | Reached XP level 3. HP: 9/31 MP: 1/6
   258 | D:2      | Slain by a gnoll

Illustrated notes

Levels and vault maps discovered:
D:1:      eino_arrival_water_cross, layout_rooms, serial_shops,
          nicolae_shop_window_shopping, hex_large, minmay_misc_feat_square
D:2:      wander_river, layout_basic

Skill      XL: |  1  2 |
---------------+-------+-----
Fighting       | 1 |  1.1
Dodging        | |  1.5
Stealth        | |  3.0
Spellcasting   | |  2.3
Summonings     | |  4.4

Action                   || total
-------------------------++-------
Melee: Unarmed           ||     1
 Fire: Sling             ||     5
 Cast: Summon Small Mamm ||    14
       Call Imp          ||     4
 Abil: Spit Poison       ||     8
Armor: Robe              ||     3
Dodge: Dodged            ||    14

Table legend: (Time is in decaauts)
 A = Elapsed time spent in this place.
 B = Non-inter-level travel time spent in this place.
 C = Inter-level travel time spent in this place.
 D = Time resting spent in this place.
 E = Time spent auto-exploring this place.
 F = Levels seen in this place.
 G = Mean time per level.
                   A        B        C        D        E       F      G
               +--------+--------+--------+--------+--------+-----+--------+
         Total |    340 |    324 |     16 |      0 |      0 |   2 |  170.0 |
       Dungeon |    340 |    324 |     16 |      0 |      0 |   2 |  170.0 |
               +--------+--------+--------+--------+--------+-----+--------+

Top non-repeatable levels by time:
     D:1: 279 daAuts
     D:2: 61 daAuts
